 Dungeon Crawl Stone Soup version 0.21.0-24-g2553a33 (webtiles) character file.

1325 Firecrotchwizard the Spear-Bearer (level 8, -1/58 HPs)
             Began as a Merfolk Fighter on Jan 22, 2018.
             Was a Follower of Makhleb.
             Slain by an eight-headed hydra (8 damage)
             ... on level 6 of the Dungeon.
             The game lasted 00:10:14 (6258 turns).

Firecrotchwizard the Spear-Bearer (Merfolk Fighter) Turns: 6258, Time: 00:10:15

Health: -1/58      AC: 12    Str: 17    XL:     8   Next: 60%
Magic:  19/19      EV:  8    Int: 10    God:    Makhleb [*.....]
Gold:   236        SH: 10    Dex: 15    Spells: 7/7 levels left

rFire    . . .     SeeInvis .   d - +3 dagger (elec)
rCold    . . .     Gourm    .   c - +0 shield
rNeg     + . .     Faith    .   v - +0 ring mail
rPois    .         Spirit   .   u - +2 helmet {Int+3}
rElec    .         Reflect  .   (no cloak)
rCorr    .         Harm     .   s - +2 pair of gloves
MR       .....                  r - +0 pair of boots
Stlth    +.........             (no amulet)
HPRegen  0.19/turn              A - ring of positive energy {rN+}
MPRegen  0.16/turn              G - ring of magical power {MP+9}

@: no status effects
A: change form in water, swift swim, stealthy swim
a: Renounce Religion


You were on level 6 of the Dungeon.
You worshipped Makhleb.
Makhleb was aware of your devotion.
You were not hungry.

You visited 2 branches of the dungeon, and saw 7 of its levels.

You collected 399 gold pieces.
You spent 163 gold pieces at shops.

Inventory:

Hand Weapons
 a - a +0 trident
 d - a +3 dagger of electrocution (weapon)
   (You took it off Jessica on level 3 of the Dungeon)
Armour
 c - a +0 shield (worn)
 r - a +0 pair of boots (worn)
   (You found it on level 3 of the Dungeon)
 s - a +2 pair of gloves (worn)
   (You found it on level 3 of the Dungeon)
 u - a +2 helmet of intelligence (worn)
   (You took it off Robin on level 3 of the Dungeon)
 v - a +0 ring mail (worn)
   (You found it on level 3 of the Dungeon)
Jewellery
 A - a ring of positive energy (left hand) {rN+}
   (You took it off an orc wizard on level 5 of the Dungeon)
 G - a ring of magical power (right hand) {MP+9}
   (You bought it in a shop on level 5 of the Dungeon)
Wands
 q - a wand of digging (6)
   (You took it off Natasha on level 3 of the Dungeon)
 C - a wand of polymorph (6)
   (You found it on level 6 of the Dungeon)
 D - a wand of disintegration (16) {@e1}
   (You took it off Ijyb on level 5 of the Dungeon)
Scrolls
 e - 2 scrolls of magic mapping {!r}
 g - 6 scrolls of remove curse
 i - 6 scrolls of identify
 k - a scroll of enchant weapon
 m - 4 scrolls of teleportation
 w - a scroll of blinking {!r}
 y - a scroll of immolation {!r}
Potions
 b - 2 potions of mutation {unknown}
 h - a potion of lignification {unknown}
 j - a potion of agility {unknown}
 n - 3 potions of cancellation
 o - a potion of magic {unknown}
 p - a potion of degeneration {unknown}
 t - a potion of resistance {unknown}
 x - 2 potions of curing {unknown}
 z - a potion of flight {unknown}
 B - a potion of might
Comestibles
 f - 20 rations {@e1}


   Skills:
 - Level 3.3 Fighting
 * Level 11.2 Polearms
 - Level 2.1 Armour
 - Level 0.1 Dodging
 + Level 6.2 Shields
 + Level 3.9 Invocations


You had 7 spell levels left.
You didn't know any spells.

Dungeon Overview and Level Annotations

Branches:
Dungeon (6/15)             Temple (1/1) D:4

Altars:
Ashenzari
Fedhas
Makhleb
Okawaru
Qazlal
Trog
Vehumet
Wu Jian
Yredelemnul
The Shining One

Shops:
D:5 *


Message History

You take 4 damage, and have 53/58 hp.
You hit the worker ant.
You feel sick.
The worker ant bites you but does no damage.
You block the worker ant's attack.
You take 1 damage, and have 52/58 hp.
You hit the worker ant.
The worker ant bites you but does no damage.
You hit the worker ant.
Lightning courses through the worker ant!
You kill the worker ant!
Makhleb accepts your kill.
You feel sick.
You take 1 damage, and have 51/58 hp.
No target in view!
You start resting.
You feel sick. x4
You are no longer poisoned.
You take 1 damage, and have 50/58 hp.
f - 16 rations {@e1} (gained 1)
A leopard gecko skeleton comes into view.
The leopard gecko skeleton bites you but does no damage.
You hit the leopard gecko skeleton.
The leopard gecko skeleton bites you but does no damage.
You puncture the leopard gecko skeleton!
Lightning courses through the leopard gecko skeleton!
You destroy the leopard gecko skeleton!
Makhleb accepts your kill.
No target in view!
f - 17 rations {@e1} (gained 1)
f - 18 rations {@e1} (gained 1)
i - 6 scrolls of identify (gained 1)
A crimson imp comes into view.
The crimson imp shouts!
You regained 5 hp, and now have 57/58 hp.
The crimson imp blinks!
The crimson imp blinks!
Health restored: 58 You barely miss the crimson imp.
The crimson imp barely misses you.
You hit the crimson imp but do no damage.
Lightning courses through the crimson imp!
You kill the crimson imp!
Makhleb accepts your kill.
No target in view!
No target in view!
You now have 218 gold pieces (gained 15).
f - 19 rations {@e1} (gained 1)
b - 2 murky grey potions (gained 1)
You see here a longbow.
f - 20 rations {@e1} (gained 1)
Found a stone staircase leading up.
You now have 232 gold pieces (gained 14).
Found a stone staircase leading down.
A hound comes into view.
You block the hound's attack.
You hit the hound. Lightning courses through the hound!
The hound bites you but does no damage.
You hit the hound but do no damage. Lightning courses through the hound!
You kill the hound!
Makhleb accepts your kill.
No target in view!
You now have 236 gold pieces (gained 4).
Found an escape hatch in the floor.
An eight-headed hydra comes into view.
The eight-headed hydra roars!
You see here a scroll labeled BOECWIY ECVUSCH.
Aim: an eight-headed hydra (chance to defeat MR: 30%)
The eight-headed hydra is blasted.
Aim: an eight-headed hydra (moderately wounded, chance to defeat MR: 30%)
The eight-headed hydra easily resists.
Aim: an eight-headed hydra (moderately wounded, chance to defeat MR: 30%)
The eight-headed hydra is blasted.
Aim: an eight-headed hydra (heavily wounded, chance to defeat MR: 30%)
The eight-headed hydra is blasted.
The eight-headed hydra bites you but does no damage.
You block the eight-headed hydra's attack.
The eight-headed hydra bites you! The eight-headed hydra bites you.
The eight-headed hydra bites you!
You block the eight-headed hydra's attack.
The eight-headed hydra bites you but does no damage.
The eight-headed hydra barely misses you.
You take 28 damage, and have 30/58 hp.
MASSIVE DAMAGE!!
You hit the eight-headed hydra.
You block the eight-headed hydra's attack.
The eight-headed hydra bites you. The eight-headed hydra bites you!
The eight-headed hydra bites you.
* * * LOW HITPOINT WARNING * * *
The eight-headed hydra bites you!
* * * LOW HITPOINT WARNING * * *
The eight-headed hydra closely misses you.
The eight-headed hydra bites you but does no damage.
You block the eight-headed hydra's attack.
You take 23 damage, and have 7/58 hp.
MASSIVE DAMAGE!!
You completely miss the eight-headed hydra.
The eight-headed hydra completely misses you.
The eight-headed hydra bites you but does no damage.
The eight-headed hydra barely misses you.
The eight-headed hydra bites you!
You die...

.....,,*,* *,,,,,,,******,
.....,,*,* *,,,,,,,,,**,,,
.....,,*,* **********,,,,,
.....,**,* *##,*#,,**,,,,,
.....,**,******####%##.#**,*,,,*,
..>..,,#.,,,,,,.......****,*,,,,,
.....,,..##***##....#*,**,**,,,,,
....#*,....####..D#.#**,,,**,,,,,
...##***........@...#**,**,*,**,,
...#* **##........##,,*,,*****,,
...,* #.........#******* **,
....* ##.........#***,,,* *,
....#*###>....##.......,,** **
.....##.....####.......,** *
.#...#.....## *#.......#* *
##........## *........#
##.......## **........#


You could see an eight-headed hydra.

Vanquished Creatures
  Grinder (D:3)
  The ghost of Stanislov the Slinger, an amateur HaHu of Okawaru (D:4)
  A sky beast (D:6)
  An ice beast (D:6)
  An ogre (D:4)
  A jelly (D:5)
  A crimson imp (D:6)
  A gnoll shaman (D:5)
  3 hounds
  A centaur skeleton (D:5)
  2 orc wizards (D:5)
  Jessica (D:3)
  Ijyb (D:5)
  An iguana (D:4)
  Natasha (thrice) (D:3)
  2 worker ants
  Robin (D:3)
  4 adders
  4 gnolls (D:5)
  3 shadow imps
  An ooze (D:2)
  An adder skeleton (D:5)
  An adder zombie (D:6)
  3 worms
  A leopard gecko (D:3)
  2 orcs
  2 ball pythons (D:3)
  3 giant cockroaches (D:5)
  7 goblins
  6 hobgoblins
  11 jackals
  3 kobolds
  A quokka (D:3)
  4 bats
  4 frilled lizards
  2 leopard gecko skeletons
  A leopard gecko zombie (D:6)
  6 rats
93 creatures vanquished.

Notes
Turn   | Place    | Note
-------+----------+-------------------------------------------
     0 | D:1      | Firecrotchwizard the Merfolk Fighter began the quest for the Orb.
     0 | D:1      | Reached XP level 1. HP: 18/18 MP: 1/1
   214 | D:1      | Reached XP level 2. HP: 21/24 MP: 2/2
   729 | D:2      | Reached skill level 4 in Polearms
   737 | D:2      | Found a blossoming altar of Fedhas.
   777 | D:2      | Reached XP level 3. HP: 29/29 MP: 3/3
  1746 | D:3      | Reached skill level 5 in Polearms
  1770 | D:3      | Noticed Natasha
  1785 | D:3      | Killed Natasha
  1785 | D:3      | Reached XP level 4. HP: 35/35 MP: 4/4
  1874 | D:3      | Found a bloodstained altar of Trog.
  1965 | D:3      | Noticed Grinder
  2026 | D:3      | Noticed Natasha
  2043 | D:3      | Killed Natasha
  2043 | D:3      | Reached skill level 6 in Polearms
  2067 | D:3      | Noticed Robin
  2073 | D:3      | Reached skill level 4 in Shields
  2073 | D:3      | Reached XP level 5. HP: 41/41 MP: 5/5
  2095 | D:3      | Killed Robin
  2405 | D:3      | Killed Grinder
  2405 | D:3      | Reached skill level 8 in Polearms
  2405 | D:3      | Reached XP level 6. HP: 17/47 MP: 6/6
  2661 | D:3      | Noticed Jessica
  2670 | D:3      | Killed Jessica
  2905 | D:3      | Noticed Natasha
  2912 | D:3      | Killed Natasha
  2972 | D:4      | Found a staircase to the Ecumenical Temple.
  2991 | D:4      | Noticed Stanislov's ghost (amateur HaHu)
  2993 | Temple   | Entered the Ecumenical Temple
  3090 | Temple   | Became a worshipper of Makhleb the Destroyer
  3903 | D:4      | Killed Stanislov's ghost
  3903 | D:4      | Reached skill level 9 in Polearms
  3903 | D:4      | Reached skill level 5 in Shields
  3903 | D:4      | Reached skill level 1 in Invocations
  3903 | D:4      | Reached XP level 7. HP: 49/52 MP: 6/8
  4027 | D:4      | Found a glowing golden altar of the Shining One.
  4352 | D:4      | Reached skill level 2 in Invocations
  4622 | D:4      | Found a basalt altar of Yredelemnul.
  4632 | D:5      | Entered Level 5 of the Dungeon
  4667 | D:5      | Noticed Ijyb
  4712 | D:5      | Killed Ijyb
  4712 | D:5      | Reached skill level 10 in Polearms
  5110 | D:5      | Reached XP level 8. HP: 58/58 MP: 9/9
  5435 | D:5      | Reached skill level 3 in Invocations
  5552 | D:5      | Found Siuculipt's Assorted Antiques.
  5571 | D:5      | Bought a wand of disintegration (12) for 60 gold pieces
  5571 | D:5      | Bought a shiny tourmaline ring for 75 gold pieces
  5571 | D:5      | Bought a fuming clear potion for 13 gold pieces
  5571 | D:5      | Bought a scroll labeled INNIUC XUEMY for 15 gold pieces
  5709 | D:6      | Reached * piety under Makhleb
  5724 | D:6      | Reached skill level 6 in Shields
  5839 | D:6      | Reached skill level 11 in Polearms
  6252 | D:6      | Noticed an eight-headed hydra
  6257 | D:6      | HP: 7/58 [eight-headed hydra (9)]
  6258 | D:6      | Slain by an eight-headed hydra

Skill      XL: |  1  2  3  4  5  6  7  8 |
---------------+-------------------------+-----
Polearms       | 4 5 6 8 9 10 11 | 11.2
Shields        | 4 5 6 |  6.2
Invocations    | 1 2 3 |  3.9
Fighting       | |  3.3
Armour         | |  2.1
Dodging        | |  0.1

Action                   |  1- 3 |  4- 6 |  7- 9 || total
-------------------------+-------+-------+-------++-------
Melee: Trident           |   104 |   101 |       ||   205
       Dagger            |       |    46 |   173 ||   219
Evoke: Wand              |       |       |     4 ||     4
  Use: Potion            |       |     1 |       ||     1
       Scroll            |       |       |     9 ||     9
  Eat: Chunk             |     3 |     5 |     2 ||    10
       Ration            |       |     1 |     1 ||     2
Armor: Scale mail        |    27 |    30 |       ||    57
       Ring mail         |       |    44 |    59 ||   103
Dodge: Dodged            |    23 |    53 |    37 ||   113
Block: Shield            |    31 |    73 |    65 ||   169

Vault maps used:
D:1:      dpeg_arrival_connections, minmay_misc_feat_diagonals
D:2:      mumra_celtic_spiral_tile, fedhas_altar_1
D:3:      overflow_temple_1_default, uniq_natasha, uniq_robin, uniq_grinder,
          uniq_jessica
D:4:      kennysheep_mini, lemuel_coloured_pillars_altar,
          minmay_temple_entry_water_ring, first_ration
D:5:      serial_shops, nicolae_shop_stone, grunt_ministairs_11, uniq_ijyb
D:6:      minmay_cornered_nines, chequers_temple_overflow_minitemple
Temple:   dshaligram_water_room_temple

Table legend:
 A = Turns spent in this place as a percentage of turns spent in the entire game.
 B = Non-inter-level travel turns spent in this place as a percentage of non-inter-level travel turns spent in the entire game.
 C = Inter-level travel turns spent in this place as a percentage of turns spent in this place.
 D = Turns resting spent in this place as a percentage of non-inter-level travel turns spent in this place.
 E = Turns spent auto-exploring this place as a percentage of non-inter-level travel turns spent in this place.
 F = Non-inter-level travel turns spent in this place divided by the number of levels of this place that you've seen.
                   A       B       C       D       E      F
               +-------+-------+-------+-------+-------+----------------------
         Total | 100.0 | 100.0 |   2.0 |  32.8 |  53.9 | 876.1
       Dungeon |  85.7 |  85.5 |   2.3 |  22.1 |  63.1 | 873.5
        Temple |  14.3 |  14.5 |   0.0 |  95.9 |   0.0 | 892.0
               +-------+-------+-------+-------+-------+----------------------

Table legend:
 A = Kills in this place as a percentage of kills in entire the game.
 B = Kills by you in this place as a percentage of kills by you in the entire game.
 C = Kills by friends in this place as a percentage of kills by friends in the entire game.
 D = Other kills in this place as a percentage of other kills in the entire game.
 E = Experience gained in this place as a percentage of experience gained in the entire game.
 F = Experience gained in this place divided by the number of levels of this place that you have seen.
                   A       B       C       D       E      F
               +-------+-------+-------+-------+-------+----------------------
         Total | 100.0 | 100.0 |   N/A |   N/A | 100.0 | 270.6
       Dungeon |  97.8 |  97.8 |   N/A |   N/A |  99.8 | 315.0
        Temple |   2.2 |   2.2 |   N/A |   N/A |   0.2 |   4.0
               +-------+-------+-------+-------+-------+----------------------
